 Dungeon Crawl Stone Soup version 0.31-a0-868-g674d60d6f7 (webtiles) character file.

Game seed: 10346206698238573738

7417 LeprechaunX the Mimic (level 11, -7/67 HPs)
             Began as an Octopode Shapeshifter on Oct 11, 2023.
             Was a Priest of Hepliaklqana.
             Mangled by a wyvern (15 damage)
             ... on level 9 of the Dungeon.
             The game lasted 00:18:29 (10704 turns).

LeprechaunX the Mimic (Octopode Shapeshifter)      Turns: 10704, Time: 00:18:29

Health: -7/67      AC:  1    Str: 19    XL:     11   Next: 14%
Magic:  0/15       EV: 14    Int: 12    God:    Hepliaklqana [***...]
Gold:   214        SH: 10    Dex: 17    Spells: 10/10 levels left

rFire   . .          .
                       - Unarmed
rCold   . . .        l - +0 kite shield
rNeg    . . .        (helmet currently unavailable)
rPois   .            w - amulet of guardian spirit
rElec   .            x - +6 ring of dexterity
rCorr   .            (no ring)
SInv    .            (no ring)
Will    .....        (no ring)
Stlth   +++          (no ring)
HPRegen 0.31/turn    (no ring)
MPRegen 0.14/turn    (no ring)
                     (no ring)

%: guardian spirit
@: beast-form
A: beast (slay +4), reduced essence, almost no armour, amphibious, 8 rings,
camouflage 1, gelatinous body 1, (nimble swimmer 1), tentacles
a: Begin Untransformation, Renounce Religion, Recall Ancestor, Ancestor
Identity, Transference


You were on level 9 of the Dungeon.
You worshipped Hepliaklqana.
Hepliaklqana was most pleased with you.
You were a hulking beast.
You visited 2 branches of the dungeon, and saw 10 of its levels.

You collected 544 gold pieces.
You spent 330 gold pieces at shops.

Inventory:

Hand Weapons
 J - a +0 shortbow
Missiles
 q - 5 atropa-tipped darts
 v - a boomerang
 H - a curare-tipped dart
Armour
 l - a +0 kite shield (worn)
Jewellery
 w - an amulet of guardian spirit (around mantle)
 x - a +6 ring of dexterity (left tentacle)
Talismans
 b - a beast talisman (active)
 c - a flux talisman
 K - a dragon-blood talisman
Wands
 m - a wand of mindburst (1)
 u - a wand of paralysis (9) (quivered)
 y - a wand of quicksilver (11)
Scrolls
 e - a scroll of enchant weapon
 f - 3 scrolls of revelation
 g - 4 scrolls of poison
 h - 3 scrolls of teleportation
 k - 3 scrolls of blinking
 n - a scroll of fog
 p - a scroll of enchant armour {unknown}
 r - a scroll of silence
 z - a scroll of vulnerability
 B - a scroll of identify
 C - a scroll of acquirement {unknown}
 D - a scroll of noise {unknown}
 G - a scroll of torment {unknown}
Potions
 d - 3 potions of heal wounds
 i - a potion of brilliance {unknown}
 j - a potion of might {unknown}
 o - 2 potions of berserk rage {unknown}
 s - 2 potions of cancellation {unknown}
 t - 6 potions of curing
 A - a potion of enlightenment {unknown}
 E - a potion of mutation {unknown}
 F - a potion of magic {unknown}
 I - a potion of invisibility {unknown}


   Skills:
 + Level 7.2 Fighting
 - Level 5.0 Dodging
 - Level 5.0 Shields
 - Level 6.0 Unarmed Combat
 + Level 6.6 Invocations
 - Level 5.0 Evocations
 * Level 9.6 Shapeshifting


You had 10 spell levels left.
You didn't know any spells.
Your spell library contained the following spells:

 Spells                   Type           Power      Damage    Failure   Level
 Apportation              Tloc           0%         N/A       61%         1
 Blink                    Tloc           0%         N/A       75%         2
 Jinxbite                 Hex            0%         N/A       75%         2
 Lesser Beckoning         Tloc           0%         N/A       75%         2
 Momentum Strike          Conj/Tloc      0%         3d8       75%         2
 Poisonous Vapours        Pois/Air       0%         N/A       75%         2
 Mephitic Cloud           Conj/Pois/Air  0%         N/A       93%         3
 Tukima's Dance           Hex            0%         N/A       93%         3
 Dimensional Bullseye     Hex/Tloc       0%         N/A       100%        4
 Iskenderun's Mystic Bla  Conj/Tloc      0%         2d3       100%        4
 Alistair's Intoxication  Tmut/Pois      0%         N/A       100%        5
 Freezing Cloud           Conj/Ice/Air   0%         6-21      100%        5


Dungeon Overview and Level Annotations

Branches:
Dungeon (9/15)             Temple (1/1) D:4            Lair (0/5) D:9
    Orc: D:9-12

Altars:
Ashenzari
Cheibriados
Elyvilon
Fedhas
Hepliaklqana
Kikubaaqudgha
Makhleb
Nemelex Xobeh
Okawaru
Qazlal
Ru
Sif Muna
Uskayaw
Vehumet
Wu Jian
Xom
Yredelemnul
Zin
The Shining One

Shops:
D:2 =   D:5 *

Annotations:
D:5 2 runed translucent doors, bobo's ghost, novice GnCK


Innate Abilities, Weirdness & Mutations

You are a hulking beast.
Your limbs bulge with bestial killing power. (Slay +4)
Your life essence is reduced to manifest your ancestor. (-10% HP)
You cannot wear most types of armour.
You are amphibious.
You can wear up to eight rings at the same time.
Your skin changes colour to match your surroundings (Stealth+).
Your rubbery body absorbs attacks. (AC +1, EV +1)
((You are camouflaged when in or above water. (Stealth+)))
You have tentacles for arms and can constrict up to eight enemies at once.


Message History

The vampire is severely damaged.
You constrict the vampire, but do no damage.
The wyvern bites you! The vampire hits you!
The vampire bites you but does no damage.
Rodica hits the vampire but does no damage.
Unknown command.
You bludgeon the vampire!
The vampire is almost destroyed.
You constrict the vampire. You block the wyvern's attack.
The vampire draws life force from you!!
* * * LOW HITPOINT WARNING * * *
The vampire is healed by the life force!
Rodica hits the vampire with a +0 dagger of draining!
Rodica hits the vampire with a +0 dagger of draining.
The wyvern bites you.
* * * LOW HITPOINT WARNING * * *
You release your grip on the vampire.
Rodica gestures at the vampire while chanting.
The vampire easily resists.
The vampire gestures at Rodica while chanting.
Rodica resists with significant effort.
Unknown command.
Unknown command.
Aiming: Paralyse
Press: ? - help, Q - select action, (/) - cycle Shift-Dir - straight line, f - wyvern
Aim: a wyvern (chance to affect: 62%)
The wyvern resists with significant effort.
The wyvern completely misses you.
The vampire hits Rodica!
The vampire bites Rodica!
Rodica casts a spell at the vampire.
The vampire easily resists.
The wyvern misses you.
You tentacle-slap the wyvern but do no damage.
You squeeze the wyvern.
The wyvern is lightly wounded.
Rodica hits the vampire but does no damage.
The vampire gestures wildly while chanting.
The vampire flickers and vanishes!
Deactivating autopickup; reactivate with Ctrl-A.
The wyvern bites you!
You die...

#.!.......
#....$....
#$........
#.........
#.........
#.......[.
#.{.......
#R.>......
#hl.......
#.........
#.........
#..<......
#.........
#.........
#.........
#.........
#.........


You could see the friendly Rodica the hexer and a wyvern.

Vanquished Creatures
  5 death yaks
  A hornet (D:9)
  A wyvern (D:8)
  2 yaks
  A steam dragon (D:8)
  3 water moccasins
  An ice beast (D:6)
  3 kobold brigands
  A scorpion (D:4)
  Blork the orc (D:5)
  5 wights (D:8)
  2 howler monkeys (D:8)
  5 hounds
  4 jellies
  An orc priest (D:5)
  A sleepcap (D:6)
  3 iguanas
  4 orc wizards
  Robin (D:4)
  11 gnolls
  7 adders
  A white imp (D:7)
  An ufetubus (D:5)
  2 worms
  2 dart slugs
  19 orcs
  7 endoplasms
  2 giant cockroaches (D:1)
  16 goblins
  15 hobgoblins
  5 quokkas
  5 ball pythons
  10 bats
  5 frilled lizards
  12 kobolds
  A rat (D:3)
166 creatures vanquished.

Vanquished Creatures (collateral kills)
  A two-headed ogre (D:9)
  A shadow (D:9)
  4 yaks (D:9)
  2 steam dragons
  An orc warrior (D:7)
  A sky beast (D:7)
  A centaur (D:9)
  A wight (D:8)
  A howler monkey (D:8)
  A sleepcap (D:6)
  An orc wizard (D:7)
  2 orcs
  A kobold (D:8)
  A butterfly (D:5)
19 creatures vanquished.

Vanquished Creatures (others)
  6 hexers (D:9)
6 creatures vanquished.

Grand Total: 191 creatures vanquished

Notes
Turn   | Place    | Note
-------+----------+-------------------------------------------
     0 | D:1      | LeprechaunX the Octopode Shapeshifter began the quest for
                  | the Orb.
     0 | D:1      | Reached XP level 1. HP: 13/13 MP: 1/1
    13 | D:1      | Reached XP level 2. HP: 8/18 MP: 2/2
   333 | D:1      | Reached XP level 3. HP: 22/23 MP: 3/3
  1272 | D:2      | Reached XP level 4. HP: 29/29 MP: 4/4
  1482 | D:2      | Found Baics's Jewellery Shoppe.
  2595 | D:4      | Reached XP level 5. HP: 32/34 MP: 5/5
  2597 | D:4      | Reached skill level 4 in Shapeshifting
  2741 | D:4      | Reached skill level 1 in Shields
  2741 | D:4      | Reached skill level 1 in Evocations
  2792 | D:4      | Noticed Robin
  2816 | D:4      | HP: 1/34 [Robin/+0 spear (1)]
  2818 | D:4      | Killed Robin
  3016 | D:4      | Found a staircase to the Ecumenical Temple.
  3020 | D:4      | Reached XP level 6. HP: 37/41 MP: 6/6
  3050 | Temple   | Entered the Ecumenical Temple
  3063 | Temple   | Became a worshipper of Hepliaklqana the Forgotten
  3204 | D:4      | You fall into a shaft and drop 3 floors!
  3478 | D:6      | Noticed an ice beast
  3488 | D:6      | Killed an ice beast
  3489 | D:6      | Reached XP level 7. HP: 31/46 MP: 7/7
  3591 | D:6      | Reached skill level 5 in Shapeshifting
  3823 | D:5      | Entered Level 5 of the Dungeon
  3835 | D:5      | Found a shimmering altar of Xom.
  3910 | D:5      | Found Piysh's General Store.
  3926 | D:5      | Found a runed translucent door.
  4087 | D:5      | Noticed Blork the orc
  4101 | D:5      | Killed Blork the orc
  4163 | D:5      | Noticed bobo's ghost (novice GnCK)
  4254 | D:5      | Reached XP level 8. HP: 6/52 MP: 8/8
  4418 | D:5      | Found a runed translucent door.
  4866 | D:2      | Bought an amulet of guardian spirit for 330 gold pieces
  5177 | D:5      | Reached * piety under Hepliaklqana
  5806 | D:6      | Reached skill level 1 in Invocations
  6714 | D:7      | Reached ** piety under Hepliaklqana
  6715 | D:7      | Remembered your ancestor Rodica as a hexer
  6729 | D:7      | Reached skill level 6 in Shapeshifting
  6922 | D:7      | Reached skill level 5 in Unarmed Combat
  7489 | D:8      | Reached XP level 9. HP: 51/52 MP: 10/10
  7585 | D:8      | Found a burning altar of Makhleb.
  7747 | D:8      | Reached *** piety under Hepliaklqana
  7772 | D:8      | Reached skill level 5 in Dodging
  8638 | D:9      | Reached skill level 5 in Fighting
  8638 | D:9      | Reached skill level 7 in Shapeshifting
  8652 | D:9      | Noticed a two-headed ogre
  8660 | D:9      | Killed a two-headed ogre
  8661 | D:9      | Reached skill level 5 in Evocations
  8661 | D:9      | Reached XP level 10. HP: 20/59 MP: 4/13
  8812 | D:9      | Found an iron altar of Okawaru.
  8825 | D:9      | Noticed a death yak
  8835 | D:9      | Noticed a death yak
  8861 | D:9      | Killed a death yak
  8862 | D:9      | Reached skill level 5 in Shields
  8905 | D:9      | Paralysed by a hornet for 2 turns
  9364 | D:9      | Noticed a death yak
  9364 | D:9      | Noticed a death yak
  9366 | D:9      | Noticed a death yak
  9381 | D:8      | Killed a death yak
  9382 | D:8      | Reached skill level 5 in Invocations
  9382 | D:8      | Reached skill level 8 in Shapeshifting
  9727 | D:9      | Found a staircase to the Lair.
  9872 | D:8      | Killed a death yak
  9998 | D:9      | Reached skill level 9 in Shapeshifting
 10014 | D:8      | Killed a death yak
 10015 | D:8      | Reached XP level 11. HP: 18/66 MP: 3/15
 10376 | D:8      | HP: 2/66 [death yak (7)]
 10379 | D:8      | Killed a death yak
 10704 | D:9      | Mangled by a wyvern

Illustrated notes

Levels and vault maps discovered:
D:1:      nzn_arrival_crosshair, layout_basic, serial_aquarium,
          aquarium_bridge_square [aquarium_subvault_bridge,
          aquarium_subvault_wall, aquarium_subvault_bridge,
          aquarium_subvault_bridge], aquarium_bridge_straight
          [aquarium_subvault_bridge, aquarium_subvault_window,
          aquarium_subvault_bridge, aquarium_subvault_wall], aquarium_window_1,
          aquarium_window_fake, aquarium_window_fake, aquarium_view_2a,
          aquarium_view_2a, aquarium_pool_side
D:2:      layout_basic, serial_shops, nicolae_shop_pleasant_corner_grove
D:3:      layout_loops_ring, serial_forest, infiniplex_forest_clump_double,
          infiniplex_forest_clump_double, infiniplex_forest_lined_2,
          infiniplex_forest_end_1, infiniplex_forest_end_1,
          infiniplex_forest_clump_C, infiniplex_forest_corner_1,
          chequers_serial_rivers_marsh, minmay_box_of_dots
D:4:      layout_basic, minmay_temple_entry_waves, uniq_robin
D:5:      layout_gridville, xom_butterflies, serial_shops, nicolae_diamond_shop,
          ebering_ghost_sewer_f, grunt_decor_clamped, uniq_blork_the_orc
D:6:      layout_basic
D:7:      layout_gridville
D:8:      layout_basic, overflow_temple_1_default, nicolae_figureground_pulse
D:9:      layout_cross, mainiacjoe_overflow_boulevard, dpeg_lair_monsters
Temple:   nicolae_temple_bog_church

Skill      XL: |  1  2  3  4  5  6  7  8  9 10 11 |
---------------+----------------------------------+-----
Fighting       | 2 3 4 5 6 7 |  7.2
Shapeshifting  | 4 5 6 7 9 |  9.6
Shields        | 1 2 3 4 5 |  5.0
Evocations     | 1 2 3 5 |  5.0
Dodging        | 3 4 5 |  5.0
Unarmed Combat | 4 5 6 |  6.0
Invocations    | 2 4 6 |  6.6

Action                     |  1- 3 |  4- 6 |  7- 9 | 10-12 || total
---------------------------+-------+-------+-------+-------++-------
  Melee: Unarmed           |    72 |   133 |   179 |    54 ||   438
         Constrict         |    15 |    35 |    42 |     2 ||    94
         Tentacles         |    10 |    32 |    45 |    18 ||   105
         Punch             |       |     3 |     9 |     3 ||    15
  Throw: Dart              |       |     1 |     5 |     8 ||    14
         Boomerang         |       |       |    11 |    39 ||    50
 Invoke: Ancestor Life: He |       |       |     1 |       ||     1
         Recall Ancestor   |       |       |       |     2 ||     2
  Evoke: Wand              |       |       |       |     6 ||     6
    Use: Potion            |       |       |     3 |     1 ||     4
         Scroll            |       |       |     8 |       ||     8
   Stab: Sleeping          |     3 |     6 |     5 |       ||    14
         Confused          |       |       |     2 |       ||     2
         Distracted        |       |       |       |     1 ||     1
 Armour: Skin              |    25 |    53 |    88 |    42 ||   208
  Dodge: Dodged            |    40 |    60 |    62 |    20 ||   182
  Block: Kite shield       |       |    45 |    44 |    22 ||   111

Table legend: (Time is in decaauts)
 A = Elapsed time spent in this place.
 B = Non-inter-level travel time spent in this place.
 C = Inter-level travel time spent in this place.
 D = Time resting spent in this place.
 E = Time spent auto-exploring this place.
 F = Levels seen in this place.
 G = Mean time per level.
                   A        B        C        D        E       F      G
               +--------+--------+--------+--------+--------+-----+--------+
         Total |  10768 |  10094 |    674 |   2322 |   6050 |  10 | 1076.8 |
       Dungeon |  10741 |  10092 |    649 |   2322 |   6050 |   9 | 1193.4 |
        Temple |     26 |      1 |     25 |      0 |      0 |   1 |   26.0 |
               +--------+--------+--------+--------+--------+-----+--------+

Top non-repeatable levels by time:
     D:8: 2169 daAuts
     D:5: 1445 daAuts
     D:6: 1296 daAuts
     D:9: 1113 daAuts
     D:7: 1000 daAuts
     D:4: 992 daAuts
     D:3: 919 daAuts
     D:1: 906 daAuts
     D:2: 897 daAuts
  Temple: 26 daAuts
